 Dungeon Crawl Stone Soup version 0.27.0-66-gdc8fb28755 (webtiles) character file.

Game seed: 9696846768071966494

20 robertstho the Ducker (level 2, -1/31 HPs)
             Began as an Octopode Berserker on Aug 19, 2021.
             Was a Follower of Trog.
             Slain by a rat (3 damage)
             ... on level 1 of the Dungeon.
             The game lasted 00:00:27 (471 turns).

robertstho the Ducker (Octopode Berserker)           Turns: 471, Time: 00:00:27

Health: -1/31      AC:  1    Str: 16    XL:     2   Next: 79%
Magic:  2/2        EV: 13    Int:  9    God:    Trog [*.....]
Gold:   17         SH:  0    Dex: 11    Spells: 1/1 levels left

rFire    . . .     SeeInvis .   a - +0 dagger
rCold    . . .     Faith    .   (no shield)
rNeg     . . .     Spirit   .   (helmet restricted)
rPois    .         Reflect  .   (no amulet)
rElec    .         Harm     .   (no ring)
rCorr    .         Rampage  .   (no ring)
Will     .....                  (no ring)
Stlth    ..........             (no ring)
HPRegen  0.10/turn              (no ring)
MPRegen  0.08/turn              (no ring)
                                (no ring)
                                (no ring)

@: berserking, very quick
A: almost no armour, amphibious, 8 rings, camouflage 1, gelatinous body 1,
(nimble swimmer 1), tentacles
a: Renounce Religion, Berserk


You were on level 1 of the Dungeon.
You worshipped Trog.
Trog was aware of your devotion.
You visited 1 branch of the dungeon, and saw 1 of its levels.

You collected 17 gold pieces.

Inventory:

Hand Weapons
 a - a +0 dagger (weapon)
Potions
 b - 2 potions of attraction {unknown}
 c - a potion of brilliance {unknown}
 d - a potion of curing {unknown}
 e - a potion of heal wounds {unknown}


   Skills:
 * Level 3.4 Fighting
 * Level 3.4 Dodging
 + Level 3.1 Unarmed Combat


You had one spell level left.
You didn't know any spells.
Your spell library was empty.

Dungeon Overview and Level Annotations

Branches:
Dungeon (1/15)

Altars:


Innate Abilities, Weirdness & Mutations

You cannot wear most types of armour.
You are amphibious.
You can wear up to eight rings at the same time.
Your skin changes colour to match your surroundings (Stealth+).
Your rubbery body absorbs attacks. (AC +1, EV +1)
((You are camouflaged near water. (Stealth+)))
You have tentacles for arms and can constrict up to eight enemies at once.


Message History

The jackal bites you. x2
You hit the jackal.
You kill the jackal!
Trog accepts your kill. The jackal bites you. The jackal barely misses you.
The rat twitches its whiskers.
You barely miss the jackal. Your grab misses the jackal.
You squeeze the jackal.
You kill the jackal!
Trog accepts your kill. The bat misses you.
The jackal bites you but does no damage.
The bat closely misses you. The hobgoblin misses you.
The jackal barely misses you.
You hit the goblin but do no damage. Your grab misses the goblin.
The bat misses you. The goblin hits you with a +0 club. The jackal bites you.
The hobgoblin closely misses you.
You are too injured to fight recklessly!
A red film seems to cover your vision as you go berserk!
You feel yourself moving faster!
You feel mighty! The bat barely misses you. The jackal bites you.
* * * LOW HITPOINT WARNING * * *
The goblin hits you with a +0 club.
* * * LOW HITPOINT WARNING * * *
The hobgoblin barely misses you. The jackal completely misses you.
You hit the jackal.
You kill the jackal!
Trog accepts your kill. The bat closely misses you. The goblin misses you.
The rat misses you.
Unknown command.
You puncture the hobgoblin!
You kill the hobgoblin!
Trog accepts your kill. The bat completely misses you.
You hit the goblin. Your grab misses the goblin.
The goblin is heavily wounded.
The goblin hits you with a +0 club.
* * * LOW HITPOINT WARNING * * *
The rat bites you.
You die...

............###
..#.####.......>.......
##.#....##..............
........$............#..
#....=...............###
#...................####
#...................#...
#.....grb........##...#.
#$....†@.........#......
#................#.#.###
##.......†......#..... #
##.....##...........#..
############.....#.##.
#.......... ...........
........... .........


You could see a goblin, a bat and a rat.

Vanquished Creatures
  3 dart slugs (D:1)
  A giant cockroach (D:1)
  3 hobgoblins (D:1)
  4 jackals (D:1)
  A bat (D:1)
12 creatures vanquished.

Notes
Turn   | Place    | Note
-------+----------+-------------------------------------------
     0 | D:1      | robertstho the Octopode Berserker began the quest for the
                  | Orb.
     0 | D:1      | Reached XP level 1. HP: 16/16 MP: 1/1
   344 | D:1      | Reached XP level 2. HP: 16/21 MP: 2/2
   471 | D:1      | Slain by a rat

Illustrated notes

Levels and vault maps discovered:
D:1:      dpeg_arrival_shrine, layout_rooms, minmay_pentomino_o4

Action                   || total
-------------------------++-------
Melee: Dagger            ||    22
       Constrict         ||     5
       Tentacles         ||     5
Invok: Berserk           ||     2
 Stab: Sleeping          ||     2
Armor: Skin              ||     1
Dodge: Dodged            ||    25
